 Dungeon Crawl Stone Soup version 0.22-a0-587-g7d32d7c (webtiles) character file.

107 Amnesiac the Chucker (level 4, -4/48 HPs)
             Began as an Ogre Fighter on July 4, 2018.
             Was an Initiate of Okawaru.
             Slain by Purgy (6 damage)
             ... on level 1 of the Dungeon.
             The game lasted 00:03:56 (2092 turns).

Amnesiac the Chucker (Ogre Fighter)                 Turns: 2092, Time: 00:03:57

Health: -4/48      AC:  3    Str: 21    XL:     4   Next: 86%
Magic:  4/4        EV:  8    Int: 14    God:    Okawaru [......]
Gold:   101        SH:  8    Dex:  8    Spells: 3/3 levels left

rFire    . . .     SeeInvis .   a - +0 trident
rCold    . . .     Gourm    .   c - +0 shield
rNeg     . . .     Faith    +   b - +0 robe
rPois    .         Spirit   .   (helmet restricted)
rElec    .         Reflect  .   (no cloak)
rCorr    .         Harm     .   (gloves unavailable)
MR       .....                  (boots unavailable)
Stlth    +.........             p - amulet of faith
HPRegen  0.16/turn              (no ring)
MPRegen  0.09/turn              (no ring)

@: brilliant, very slightly contaminated, invisible (expiring)
A: large, unfitting armour, tough skin 1
a: Renounce Religion


You were on level 1 of the Dungeon.
You worshipped Okawaru.
Okawaru was noncommittal.
You were not hungry.

You visited 1 branch of the dungeon, and saw 3 of its levels.

You collected 101 gold pieces.

Inventory:

Hand Weapons
 a - a +0 trident (weapon)
Missiles
 i - 77 stones (quivered)
Armour
 b - a +0 robe (worn)
 c - a +0 shield (worn)
Jewellery
 p - an amulet of faith (around neck)
Scrolls
 e - 4 scrolls of fear {!r, unknown}
 g - a scroll of enchant weapon {!r, unknown}
 j - 5 scrolls of remove curse {!r, unknown}
 m - a scroll of identify {!r, unknown}
 n - a scroll of magic mapping {!r, unknown}
 t - a scroll of amnesia {!r, unknown}
Potions
 k - a potion of flight {!q}
 l - a potion of curing {!q}
 o - a potion of lignification {!q}
 r - a potion of invisibility {!q}
Comestibles
 f - 2 rations


   Skills:
 - Level 4.0 Fighting
 - Level 2.0 Polearms
 + Level 4.3 Throwing
 - Level 2.6 Dodging
 - Level 2.6 Shields


You had 3 spell levels left.
You didn't know any spells.
Your spell library contained the following spells:

 Spells                   Type           Power        Failure   Level  Hunger
 Magic Dart               Conj           #...         13%         1    ##.....
 Conjure Flame            Conj/Fire      #.......     32%         3    ####...
 Slow                     Hex            #.......     17%         2    ###....
 Mephitic Cloud           Conj/Pois/Air  #.......     32%         3    ####...
 Blink                    Tloc           N/A          17%         2    ###....
 Call Imp                 Summ           #.......     17%         2    ###....


Dungeon Overview and Level Annotations

Branches:
Dungeon (3/15)

Altars:
Okawaru

Annotations:
D:1 Purgy


Innate Abilities, Weirdness & Mutations

You are too large for most types of armour.
You have tough skin. (AC +1)


Message History

Purgy is moderately wounded.
Purgy bites you but does no damage. Purgy claws you.
* * * LOW HITPOINT WARNING * * *
Purgy claws you but does no damage.
You strike the helpless Purgy from behind!
You hit Purgy but do no damage.
Purgy is moderately wounded.
Purgy bites you.
* * * LOW HITPOINT WARNING * * *
You block Purgy's attack. Purgy claws you but does no damage.
You block Purgy's attack. Purgy claws you but does no damage. x2
You strike the helpless Purgy from behind!
You hit Purgy.
Purgy is moderately wounded.
Purgy bites you but does no damage. Purgy claws you but does no damage.
Purgy claws you.
* * * LOW HITPOINT WARNING * * *
You puncture Purgy!
Purgy is severely wounded.
Purgy completely misses you. x2; You block Purgy's attack.
You closely miss Purgy.
Purgy is severely wounded.
You block Purgy's attack. Purgy claws you but does no damage. x2
Wield which item (- for none, * to show all)? (? for menu, Esc to quit)
Okay, then.
Wield which item (- for none, * to show all)? (? for menu, Esc to quit)
You are now empty-handed.
Purgy bites you but does no damage. Purgy claws you but does no damage. x2
Really attack barehanded? [Y]es or [N]o only, please.
Really attack barehanded? [Y]es or [N]o only, please.
Really attack barehanded?
You hit Purgy.
Purgy is severely wounded.
You feel less wooden. Purgy bites you.
* * * LOW HITPOINT WARNING * * *
Purgy claws you but does no damage. Purgy claws you.
* * * LOW HITPOINT WARNING * * *
You are too injured to fight recklessly!
Really attack barehanded?
Okay, then.
Quiver which item? (- for none, * to show all) (? for menu, Esc to quit)
Okay, then.
Wield which item (- for none, * to show all)? (? for menu, Esc to quit)
a - a +0 trident (weapon)
You barely miss Purgy.
Purgy is severely wounded.
You flicker for a moment.
Purgy bites you but does no damage. Purgy claws you but does no damage.
Purgy barely misses you.
You barely miss Purgy.
Purgy is heavily wounded.
Purgy bites you!
* * * LOW HITPOINT WARNING * * *
Purgy barely misses you. Purgy claws you.
* * * LOW HITPOINT WARNING * * *
You block Purgy's attack. x2; Purgy claws you.
* * * LOW HITPOINT WARNING * * *
You hit Purgy.
Purgy is severely wounded.
Purgy bites you.
You die...

### ### #.#######.#
#.......#.# #.#####.#.#
########.........#
......#......#.#.#
......#.####.#.#.# ......#.##
#.#.#)# .........# #.#.#@#
.........# #.#.#T#
......)..###.#.#.#
...............#.#
#......#####.###.#
#).............#.############
.......####.##.#..).........#
#......## #.##.#.#########.##
........###.##.###########.##


You could see Purgy.

Vanquished Creatures
  3 adders
  4 oozes
  A dart slug (D:1)
  5 leopard geckos
  A giant cockroach (D:2)
  13 goblins
  4 hobgoblins
  5 jackals
  4 bats
  5 frilled lizards
  4 kobolds
  7 rats
56 creatures vanquished.

Notes
Turn   | Place    | Note
-------+----------+-------------------------------------------
     0 | D:1      | Amnesiac the Ogre Fighter began the quest for the Orb.
     0 | D:1      | Reached XP level 1. HP: 24/24 MP: 1/1
    50 | D:1      | Reached skill level 1 in Throwing
    51 | D:1      | Reached XP level 2. HP: 19/32 MP: 2/2
   382 | D:1      | Reached XP level 3. HP: 26/39 MP: 3/3
   976 | D:3      | Noticed Purgy
   979 | D:3      | Found a faded altar of an unknown god.
  1129 | D:3      | Reached XP level 4. HP: 21/48 MP: 4/4
  1411 | D:3      | Found an iron altar of Okawaru.
  1418 | D:3      | Became a worshipper of Warmaster Okawaru
  2091 | D:1      | HP: 2/48 [Purgy (1)]
  2092 | D:1      | Slain by Purgy

Vault maps used:
D:1:      elethiomel_arrival_maze
D:2:      uniq_crazy_yiuf_cottage, uniq_sigmund
D:3:      okawaru_metal_pillars_1_2, chequers_ecumenical_altar_simple_redux,
          uniq_purgy

Skill      XL: |  1  2  3  4 |
---------------+-------------+-----
Throwing       | 1 2 3 4 |  4.3
Fighting       | |  4.0
Polearms       | |  2.0
Dodging        | |  2.6
Shields        | |  2.6

Action                   |  1- 3 |  4- 6 || total
-------------------------+-------+-------++-------
Melee: Trident           |   119 |   117 ||   236
       Unarmed           |       |     1 ||     1
Throw: Tomahawk          |    10 |    10 ||    20
  Use: Potion            |     1 |     6 ||     7
 Stab: Sleeping          |     1 |       ||     1
       Invisible         |       |     3 ||     3
  Eat: Chunk             |     1 |     3 ||     4
Armor: Robe              |    23 |    39 ||    62
       Skin              |       |    56 ||    56
Dodge: Dodged            |    52 |    69 ||   121
Block: Shield            |    58 |    89 ||   147

Table legend:
 A = Spawn XP
 B = Non-spawn XP
 C = Spawn XP percentage of total XP
 D = Spawn monster count
 E = Non-spawn monster count
 F = Spawn count percentage of total count
 G = Total turns spent on level
                    A         B        C        D         E        F      G
               +---------+---------+-------+---------+---------+-------+---------
         Total |       0 |     154 |   0.0 |       0 |      56 |   0.0 |  2092
               +---------+---------+-------+---------+---------+-------+---------
           D:1 |       0 |      72 |   0.0 |       0 |      30 |   0.0 |  1066
           D:2 |       0 |      50 |   0.0 |       0 |      21 |   0.0 |   535
           D:3 |       0 |      32 |   0.0 |       0 |       5 |   0.0 |   491
               +---------+---------+-------+---------+---------+-------+---------
